 Adventure DCSS version bcrawl-1.22 (webtiles) character file.

Game seed: 9398022674362236805

18431 funkygono the Eclecticist (level 12, -8/69 HPs)
             Began as a Fairy Conjurer on May 16, 2020.
             Was an Elder of Vehumet.
             Mangled by a demonic crawler (10 damage)
             ... on level 1 of the Spider Nest on May 17, 2020.
             The game lasted 00:49:52 (17795 turns).

funkygono the Eclecticist (Fairy Conjurer)         Turns: 17795, Time: 00:49:52

Health: -8/69      AC: 12    Str:  6    XL:     12   Next: 58%
Magic:  10/34      EV: 22    Int: 24    God:    Vehumet [****..]
Gold:   1444       SH:  7    Dex: 13    Spells: 21/44 levels left
                                        Lives:  0   Deaths: 2

rFire    . . .     SeeInvis .   y - +1 short sword (flame)
rCold    + . .     Gourm    +   (shield restricted)
rNeg     + . .     Faith    .   (armour unavailable)
rPois    +         Spirit   .   Q - +2 helmet
rElec    .         Reflect  .   p - +2 cloak
rCorr    .         Harm     .   N - +2 pair of gloves
MR       +....                  (no boots)
Stlth    +.........             L - amulet of the gourmand
HPRegen  0.21/turn              P - ring of poison resistance
MPRegen  0.24/turn              r - ring "Pafadet" {rPois rC+ rN+}

@: lethally poisoned (-8 -> -30), corroded, flying evasively
A: small, magic attunement, unstealthy, unfitting armour, able to fly, AC/SH +7
a: Stop Flying, Renounce Religion


You were on level 1 of the Spider Nest.
You worshipped Vehumet.
Vehumet was greatly pleased with you.
You were not hungry.

You visited 4 branches of the dungeon, and saw 18 of its levels.

You collected 1864 gold pieces.
You spent 420 gold pieces at shops.

Inventory:

Hand Weapons
 l - a +1 dagger of venom (quivered)
 y - a +1 short sword of flaming (weapon)
 K - a +4 dagger
Armour
 p - a +2 cloak (worn)
 q - a +0 pair of boots
 t - a scarf of spirit shield
 z - the -1 cloak "Wyuptack" {Str-5 Int+7 Dex+4}
   (You found it on level 6 of the Lair of Beasts)

   It affects your strength (-5).
   It affects your intelligence (+7).
   It affects your dexterity (+4).
 N - a +2 pair of gloves (worn)
 Q - a +2 helmet (worn)
Magical Staves
 j - an uncursed staff of poison
Jewellery
 m - an uncursed ring of stealth
 r - the ring "Pafadet" (right hand) {rPois rC+ rN+}
   (You bought it in a shop on level 9 of the Dungeon)

   [ring of positive energy]

   It protects you from cold.
   It protects you from poison.
   It protects you from negative energy.
 C - an uncursed amulet of regeneration
 E - an uncursed ring of protection from magic
 G - an uncursed ring of magical power
 L - an amulet of the gourmand (around neck)
 O - an uncursed ring of positive energy
 P - a ring of poison resistance (left hand)
 S - an uncursed ring of insulation
Wands
 g - a wand of flame (17)
 B - a wand of polymorph (24)
 M - a wand of acid (7)
 R - a wand of enslavement (7)
 U - a wand of scattershot (3)
 V - a wand of iceblast (6)
 W - a wand of paralysis (8)
Scrolls
 b - 2 scrolls of enchant armour
 n - a scroll of blinking
 o - 3 scrolls of immolation
 u - a scroll of magic mapping
 w - 5 scrolls of remove curse
 D - 3 scrolls of teleportation
 T - a scroll of amnesia
Potions
 a - 5 potions of curing
 c - 3 potions of flight
 d - a potion of cancellation
 f - a potion of haste
 h - 9 potions of heal wounds
 i - 3 potions of berserk rage
 k - 3 potions of brilliance
 s - 2 potions of agility
 v - 2 potions of might
 x - 3 potions of mutation
 A - a potion of ambrosia
 F - a potion of magic
 I - 3 potions of resistance
 J - a potion of lignification
Miscellaneous
 H - a lamp of fire
Comestibles
 e - 37 rations {!d}


   Skills:
 + Level 1.6 Fighting
 + Level 0.1 Short Blades
 + Level 8.8 Dodging
 - Level 1.5 Stealth
 + Level 16.6 Spellcasting
 + Level 16.3 Conjurations
 + Level 7.8 Necromancy
 * Level 4.9 Fire Magic
 + Level 7.3 Ice Magic
 * Level 4.5 Air Magic
 * Level 4.4 Poison Magic


You had 21 spell levels left.
You knew the following spells:

 Your Spells              Type           Power        Failure   Level  Hunger
a - Magic Dart            Conj           ####         0%          1    None
b - Searing Ray           Conj           #######.     0%          2    None
c - Iskenderun's Mystic   Conj           #######.     0%          3    None
d - Bolt of Draining      Conj/Necr      ######....   1%          5    None
e - Throw Frost           Conj/Ice       ######       0%          2    None
f - Ignite Poison         Fire/Tmut/Pois ####....     1%          3    None
g - Mephitic Cloud        Conj/Pois/Air  ######..     1%          3    None
h - Olgreb's Toxic Radia  Pois           #####....    1%          4    None

Your spell library contained the following spells:

 Spells                   Type           Power        Failure   Level  Hunger
 Animate Skeleton         Necr           N/A          1%          1    None
 Pain                     Necr           ######       1%          1    None
 Sandblast                Erth           ###...       1%          1    None
 Regeneration             Chrm/Necr      #####.....   1%          3    None
 Vampiric Draining        Necr           ######....   1%          3    None
 Animate Dead             Necr           N/A          1%          4    None
 Fulminant Prism          Conj/Hex       ######....   1%          4    None
 Irradiate                Conj/Tmut      ######....   1%          5    None
 Apportation              Tloc           ###...       2%          1    None
 Infusion                 Chrm           ###.....     2%          1    None
 Slow                     Hex            ###.....     2%          1    None
 Summon Butterflies       Summ           ###.....     2%          1    None
 Recall                   Summ/Tloc      N/A          9%          3    None
 Aura of Abjuration       Summ           ###.......   58%         5    None
 Summon Demon             Summ           ###.......   58%         5    None
 Summon Forest            Summ/Tloc      ###.......   58%         5    None
 Summon Mana Viper        Hex/Summ       ###.....     58%         5    None
 Shadow Creatures         Summ           N/A          99%         6    None


Dungeon Overview and Level Annotations

Branches:
Dungeon (10/12)            Temple (1/1) D:7            Lair (6/6) D:8
  Swamp (0/3) Lair:3       Spider (1/3) Lair:2        Slime (0/5) Lair:5
    Orc (0/1) D:8

Altars:
Ashenzari
Cheibriados
Dithmenos
Elyvilon
Fedhas
Gozag
Hepliaklqana
Kikubaaqudgha
Lugonu
Makhleb
Nemelex Xobeh
Okawaru
Qazlal
Ru
Trog
Uskayaw
Vehumet
Wu Jian
Xom
Yredelemnul
Zin
The Shining One
Jiyva

Shops:
D:6 (   D:7 (   D:9 =*(


Innate Abilities, Weirdness & Mutations

Your spells do not cause hunger and MP costs are reduced by 1.
Your bright wings attract enemies. (Stealth-)
You cannot fit into any form of body armour.
Your shimmering scales are hard and can block incoming attacks. (AC +7, SH +7)
You are small and have problems with some larger weapons.
You can fly continuously.


Message History

The entropy weaver seems to burn from within.
The entropy weaver is heavily wounded.
The tarantella seems to burn from within!!
You kill the tarantella!
Vehumet accepts your kill.
You feel your power returning.
The demonic crawler seems to burn from within.
The demonic crawler is moderately wounded.
The wolf spider seems to burn from within!
The wolf spider is moderately wounded.
The orb spider seems to burn from within!!
You kill the orb spider!
Vehumet accepts your kill.
The redback is poisoned.
The tarantella is poisoned.
Your toxic aura wanes.
* * * LOW HITPOINT WARNING * * *
You feel very sick. The redback barely misses you.
The demonic crawler closely misses you. The demonic crawler hits you!
You die...

...............!...
.........†.........
...................
................[..
.....^.....†........
..........$.s.....#
....^..^..s.s.....##
...........ss†.....#
...........s@s.....#
.....≈...>††.a.....≈
.....#.............#
.....≈...........###
.....#...........#
.....#..........## .
#......#.#≈#
#..^....#≈≈##
.≈..#..######


You could see an entropy weaver, 3 demonic crawlers, a wolf spider, a tarantella
and 2 redbacks.

Vanquished Creatures
  A fire dragon (Lair:6)
  4 hydras
  An ice dragon (Lair:6)
  Sonja (Lair:4)
  A swamp dragon (Lair:6)
  A lindwurm (Lair:6)
  An orb spider (Spider:1)
  A wolf spider (Lair:2)
  An oklob plant (Lair:1)
  4 elephants (Lair:3)
  7 black mambas
  6 torpor snails
  8 cane toads
  4 rime drakes
  7 komodo dragons
  The ghost of dscm the Skirmisher, an amateur DgAc of Demigod (D:4)
  4 jumping spiders
  2 trolls
  7 hornets (Lair:6)
  4 tyrant leeches (Lair:6)
  Prince Ribbit (D:9)
  15 blink frogs
  4 slime creatures (D:10)
  2 bog bodies (Lair:3)
  5 dream sheep (Lair:5)
  7 hippogriffs
  A vampire (D:9)
  2 wyverns
  3 tarantellas (Spider:1)
  23 yaks
  9 redbacks
  3 basilisks
  A vampire mosquito (D:8)
  A hungry ghost (D:9)
  2 steam dragons (Lair:6)
  2 acid dragons (Lair:6)
  10 crocodiles
  9 water moccasins
  2 porcupines
  2 swamp drakes (Lair:6)
  A black bear (Lair:3)
  2 necrophages
  3 ice beasts
  3 phantoms
  An eye of draining (D:8)
  3 sky beasts
  3 orc warriors
  An ogre (D:8)
  4 centaurs
  4 wolves (Lair:3)
  3 big kobolds
  16 bullfrogs
  A gnoll sergeant (D:10)
  A scorpion (D:5)
  A water moccasin skeleton (D:4)
  5 killer bees
  2 electric eels
  3 howler monkeys
  6 crimson imps
  2 centaur zombies
  4 jellies
  6 orc wizards
  A gnoll shaman (D:6)
  6 centaur skeletons
  4 hounds
  7 orc priests
  Ijyb (D:4)
  6 hell rats (Lair:4)
  2 iguanas
  Terence (D:2)
  8 worker ants
  4 hound skeletons
  14 gnolls
  8 adders
  5 shadow imps
  6 oozes
  An adder zombie (D:5)
  3 worms
  4 dart slugs
  6 leopard geckos
  25 orcs
  A ball python (D:3)
  10 bats
  2 giant cockroaches (D:2)
  4 goblins
  11 hobgoblins
  12 jackals
  15 kobolds
  9 quokkas
  4 frilled lizards
  2 jackal skeletons (D:4)
  A quokka skeleton (D:5)
  5 rats
  A fungus (Lair:2)
  A plant (Lair:6)
435 creatures vanquished.

Vanquished Creatures (others)
  A redback (Spider:1)
  4 fungi
  4 plants
9 creatures vanquished.

Grand Total: 444 creatures vanquished

Notes
Turn   | Place    | Note
-------+----------+-------------------------------------------
     0 | D:1      | funkygono the Fairy Conjurer began the quest for the Orb.
     0 | D:1      | Reached XP level 1. HP: 11/11 MP: 6/6
   216 | D:1      | Reached skill level 5 in Conjurations
   243 | D:1      | Reached XP level 2. HP: 17/17 MP: 7/7
   248 | D:1      | Learned a level 2 spell: Searing Ray
   459 | D:1      | Reached XP level 3. HP: 21/21 MP: 9/9
   466 | D:1      | Learned a level 3 spell: Iskenderun's Mystic Blast
   968 | D:2      | Reached XP level 4. HP: 27/27 MP: 10/10
  1071 | D:2      | Noticed Terence
  1076 | D:2      | Killed Terence
  2023 | D:3      | Reached XP level 5. HP: 31/31 MP: 9/12
  2498 | D:3      | Found an iron altar of Okawaru.
  2513 | D:3      | Learned a level 5 spell: Bolt of Draining
  2543 | D:3      | Reached XP level 6. HP: 36/36 MP: 9/14
  2712 | D:4      | Noticed a phantom
  2717 | D:4      | Reached skill level 1 in Necromancy
  2733 | D:4      | Killed a phantom
  2733 | D:4      | Reached skill level 5 in Spellcasting
  2888 | D:4      | Reached XP level 7. HP: 41/41 MP: 6/17
  2998 | D:4      | Noticed Ijyb
  3015 | D:4      | Killed Ijyb
  3122 | D:4      | Found a runed translucent door.
  3153 | D:4      | Noticed dscm's ghost (amateur DgAc)
  3303 | D:4      | Killed dscm's ghost
  3303 | D:4      | Reached XP level 8. HP: 45/46 MP: 11/20
  3897 | D:4      | Found a shattered altar of Ashenzari.
  4000 | D:5      | Entered Level 5 of the Dungeon
  4441 | D:5      | Found a blossoming altar of Fedhas.
  4443 | D:5      | Found an ancient bone altar of Kikubaaqudgha.
  4550 | D:5      | Reached XP level 9. HP: 51/51 MP: 14/23
  4718 | D:5      | Reached skill level 10 in Conjurations
  5355 | D:6      | Found a sacrificial altar of Ru.
  5358 | D:6      | Found a corrupted altar of Lugonu.
  5399 | D:6      | Found Ituutu's Antique Weapon Boutique.
  5730 | D:6      | Found a glowing golden altar of the Shining One.
  5840 | D:7      | Found a shattered altar of Ashenzari.
  6227 | D:7      | Reached skill level 5 in Dodging
  6281 | D:7      | Found a staircase to the Ecumenical Temple.
  6286 | Temple   | Entered the Ecumenical Temple
  6557 | D:7      | Found Jeqaozoa's Weapon Emporium.
  6808 | D:7      | Reached skill level 10 in Spellcasting
  6872 | D:7      | Found a hazy altar of Hepliaklqana.
  6996 | D:8      | Reached XP level 10. HP: 57/57 MP: 26/26
  7330 | D:8      | Reached skill level 5 in Necromancy
  7436 | D:8      | Found a staircase to the Orcish Mines.
  7770 | D:8      | Found a staircase to the Lair.
  8181 | D:9      | Noticed Prince Ribbit
  8186 | D:9      | Killed Prince Ribbit
  8187 | D:9      | Found a radiant altar of Vehumet.
  8208 | D:9      | Became a worshipper of Vehumet
  8311 | D:9      | Reached XP level 11. HP: 62/62 MP: 29/29
  8373 | D:9      | Found a stormy altar of Qazlal.
  8562 | D:9      | Reached * piety under Vehumet
  8562 | D:9      | Offered knowledge of Freeze by Vehumet.
  8645 | D:9      | Found Lohutt's Assorted Antiques.
  8672 | D:9      | Found Gypiynk's Weapon Emporium.
  8690 | D:9      | Found a snail-covered altar of Cheibriados.
  8893 | D:9      | Found Useofer's Jewellery Emporium.
  8898 | D:9      | Bought the ring "Pafadet" {rPois rC+ rN+} for 420 gold
                  | pieces
  8925 | D:10     | Entered Level 10 of the Dungeon
  8996 | D:10     | HP: 3/62 [very large slime creature (34)]
  9290 | D:10     | Reached skill level 1 in Fighting
  9614 | D:10     | Offered knowledge of Throw Frost by Vehumet.
  9618 | D:10     | Learned a level 2 spell: Throw Frost
  9971 | Lair:1   | Entered Level 1 of the Lair of Beasts
 10023 | Lair:1   | Reached skill level 1 in Ice Magic
 10024 | Lair:1   | Reached ** piety under Vehumet
 10333 | Lair:1   | Found an iron altar of Okawaru.
 10334 | Lair:1   | Noticed an oklob plant
 10340 | Lair:1   | Killed an oklob plant
 11016 | Lair:2   | Found a hole to the Spider Nest.
 11297 | Lair:2   | Reached XP level 12. HP: 68/68 MP: 32/32
 12243 | Lair:3   | Reached skill level 5 in Ice Magic
 12251 | Lair:3   | Offered knowledge of Ignite Poison by Vehumet.
 12268 | Lair:3   | Learned a level 3 spell: Ignite Poison
 12486 | Lair:3   | Reached skill level 15 in Spellcasting
 12790 | Lair:3   | Reached *** piety under Vehumet
 12937 | Lair:3   | Reached skill level 15 in Conjurations
 13086 | Lair:3   | Found a staircase to the Swamp.
 13504 | Lair:4   | Reached XP level 13. HP: 73/73 MP: 30/34
 13726 | Lair:4   | Noticed Sonja
 13731 | Lair:4   | Killed Sonja
 13835 | Lair:4   | Offered knowledge of Mephitic Cloud by Vehumet.
 13840 | Lair:4   | Learned a level 3 spell: Mephitic Cloud
 14478 | Lair:5   | Reached skill level 1 in Air Magic
 14484 | Lair:5   | Reached skill level 1 in Fire Magic
 14568 | Lair:5   | Reached skill level 1 in Poison Magic
 14697 | Lair:5   | Found a runed door.
 14715 | Lair:5   | Found a viscous altar of Jiyva.
 14715 | Lair:5   | Found a staircase to the Slime Pits.
 15100 | Lair:6   | Entered Level 6 of the Lair of Beasts
 15606 | Lair:6   | Reached **** piety under Vehumet
 15746 | Lair:6   | Noticed a fire dragon
 15764 | Lair:6   | Killed from afar by a fire dragon
 15765 | Lair:6   | Reached XP level 12. HP: 0/69 MP: 21/43
 15765 | Lair:6   | Noticed a seven-headed hydra
 15769 | Lair:6   | Killed a seven-headed hydra
 15938 | Lair:6   | Got a brightly glowing cloak
 15991 | Lair:6   | Noticed a five-headed hydra
 15994 | Lair:6   | Killed a five-headed hydra
 16168 | Lair:6   | Found a runed door.
 16209 | Lair:6   | Noticed an ice dragon
 16215 | Lair:6   | Killed an ice dragon
 16395 | Lair:6   | Offered knowledge of Olgreb's Toxic Radiance by Vehumet.
 16395 | Lair:6   | Reached XP level 13. HP: 73/73 MP: 23/35
 17212 | Lair:6   | Killed a fire dragon
 17353 | Lair:6   | Identified the -1 cloak "Wyuptack" {Str-5 Int+7 Dex+4} (You
                  | found it on level 6 of the Lair of Beasts)
 17483 | Spider:1 | Entered Level 1 of the Spider Nest
 17751 | Lair:2   | Learned a level 4 spell: Olgreb's Toxic Radiance
 17753 | Spider:1 | Noticed an entropy weaver
 17758 | Spider:1 | Slain by a demonic crawler
 17759 | Spider:1 | Reached XP level 12. HP: -2/69 MP: 31/34
 17795 | Spider:1 | HP: 2/69 [poisoned by a redback]
 17795 | Spider:1 | Mangled by a demonic crawler

Skill      XL: |  1  2  3  4  5  6  7  8  9 10 11 12 13 |
---------------+----------------------------------------+-----
Conjurations   | 5 6 7 8 9 11 12 14 16 | 16.3
Spellcasting   | 3 4 5 7 8 10 12 14 15 16 | 16.6
Dodging        | 3 4 5 6 7 8 |  8.8
Necromancy     | 1 2 3 4 5 6 7 |  7.8
Fighting       | 1 |  1.6
Ice Magic      | 3 6 7 |  7.3
Air Magic      | 3 4 |  4.5
Fire Magic     | 3 4 |  4.9
Poison Magic   | 4 2 |  4.4
Short Blades   | |  0.1
Stealth        | |  1.5

Action                   |  1- 3 |  4- 6 |  7- 9 | 10-12 | 13-15 || total
-------------------------+-------+-------+-------+-------+-------++-------
Melee: Unarmed           |     1 |       |       |       |       ||     1
       Dagger            |       |       |     7 |       |       ||     7
       Short sword       |       |       |       |    19 |     3 ||    22
 Cast: Magic Dart        |    55 |    96 |   112 |   113 |    60 ||   436
       Searing Ray       |     2 |     6 |    23 |    45 |     4 ||    80
       Iskenderun's Myst |       |    29 |    56 |   121 |    25 ||   231
       Bolt of Draining  |       |       |    27 |    82 |   100 ||   209
       Throw Frost       |       |       |       |     7 |    18 ||    25
       Ignite Poison     |       |       |       |     8 |     4 ||    12
       Olgreb's Toxic Ra |       |       |       |     7 |     2 ||     9
       Mephitic Cloud    |       |       |       |       |     3 ||     3
  Use: Scroll            |     3 |     7 |     9 |     9 |     7 ||    35
       Potion            |       |       |     1 |       |       ||     1
  Eat: Chunk             |       |     6 |     7 |    20 |    12 ||    45
       Ration            |       |       |     2 |     1 |     1 ||     4
Armor: Skin              |     3 |     2 |    15 |    46 |    35 ||   101
Dodge: Dodged            |    10 |    13 |    70 |   206 |   127 ||   426
Block: Other             |       |     4 |    14 |    57 |    36 ||   111
